 Dungeon Crawl Stone Soup version 0.32-a0-928-g1cae6b7ea0 (webtiles) character file.

Game seed: 3585629194747502996

352 PriceMaster the Magician (level 6, 0/30 HPs)
             Began as a Spriggan Earth Elementalist on Apr 12, 2024.
             Slain by Edmund
             ... wielding a +2 heavy flail
              (15 damage)
             ... on level 4 of the Dungeon.
             The game lasted 00:04:49 (3318 turns).

PriceMaster the Magician (SpEE)                     Turns: 3318, Time: 00:04:50

Health: 0/30       AC:  5    Str:  4    XL:     6   Next: 34%
Magic:  0/16       EV: 17    Int: 18    God:
Gold:   232        SH:  0    Dex: 14    Spells: 12/16 levels left

rFire   + . .        h - +1 spear of the Land of Plenty {flame, rPois rC+ Will+}
rCold   + + .        (no shield)
rNeg    . . .        j - +1 robe of the Mauling Gods {Will+}
rPois   +            (helmet restricted)
rElec   +            (no cloak)
rCorr   +            (gloves unavailable)
SInv    +            (boots unavailable)
Will    +++..        (no amulet)
Stlth   +++          (no ring)
HPRegen 0.25/turn    (no ring)
MPRegen 0.15/turn

%: no passive effects
@: resistant, very slightly contaminated, very quick
A: very small, no large weapons, unfitting armour, see invisible, speed 3,
iridescent scales 1, clumsy 1, high MP 1, devolution 1
a: no special abilities


You were on level 4 of the Dungeon.
You visited 1 branch of the dungeon, and saw 4 of its levels.

You collected 232 gold pieces.

Inventory:

Hand Weapons
 h - the +1 spear of the Land of Plenty (weapon) {flame, rPois rC+ Will+}
   (You found it on level 2 of the Dungeon)

   rC+:       It protects you from cold.
   rPois:     It protects you from poison.
   Will+:     It increases your willpower.
Armour
 a - a +0 robe
 j - the +1 robe of the Mauling Gods (worn) {Will+}
   (You found it on level 2 of the Dungeon)

   Will+:     It increases your willpower.
Wands
 c - a wand of flame (15)
Scrolls
 d - a scroll of teleportation {unknown}
 i - a scroll of revelation {unknown}
 m - 2 scrolls of enchant weapon
 n - 2 scrolls of identify
 o - a scroll of poison {unknown}
Potions
 b - a potion of magic
 f - a potion of haste {unknown}
 g - a potion of cancellation
 l - a potion of lignification {unknown}


   Skills:
 * Level 1.1 Fighting
 * Level 1.0 Polearms
 * Level 3.7 Dodging
 * Level 4.1 Stealth
 - Level 0.1 Unarmed Combat
 * Level 5.5 Spellcasting
 + Level 1.0 Conjurations
 + Level 3.9 Earth Magic


You had 12 spell levels left.
You knew the following spells:

 Your Spells              Type           Power      Damage    Failure   Level
a - Sandblast             Erth           38%        2d10      2%          1
b - Stone Arrow           Conj/Erth      26%        3d8       14%         3

Your spell library contained the following spells:

 Spells                   Type           Power      Damage    Failure   Level
 Passwall                 Erth           19%        N/A       8%          3
 Summon Ice Beast         Ice/Summ       4%         N/A       36%         3
 Brom's Barrelling Bould  Conj/Erth      13%        2d4       41%         4
 Petrify                  Alch/Erth      12%        N/A       50%         4
 Summon Mana Viper        Hex/Summ       4%         N/A       98%         5
 Monstrous Menagerie      Summ           2%         N/A       100%        7


Dungeon Overview and Level Annotations

Branches:
Dungeon (4/15)
 Temple: D:4-7

Altars:
Yredelemnul

Annotations:
D:4 Edmund


Innate Abilities, Weirdness & Mutations

You are very small and have problems with some larger weapons.
You are too small for most types of armour.
You have supernaturally acute eyesight. (SInv)
You cover ground extremely quickly. (Speed+++)
You are partially covered in iridescent scales. (AC +2)
You are clumsy. (Dex -2)
You have an increased reservoir of magic. (+10% MP)
You have hidden genetic defects.


Message History

Aiming: Stone Arrow (quite dangerous; 14% risk of failure)
Press: ? - help, Shift-Dir - straight line, f/p - Edmund
Aim: Edmund, wielding a +2 heavy flail and wearing a +3 scale mail of fire resistance (moderately wounded, 72% to hit)
You miscast Stone Arrow.
You are very lightly contaminated with residual magic.
Nothing appears to happen.
Edmund hits you with a +2 heavy flail.
Casting: Stone Arrow (quite dangerous; 14% risk of failure)
Confirm with . or Enter, or press ? or * to list all spells.
Okay, then.
Unknown command.
Casting: Stone Arrow (quite dangerous; 14% risk of failure)
Confirm with . or Enter, or press ? or * to list all spells.
Aiming: Stone Arrow (quite dangerous; 14% risk of failure)
Press: ? - help, Shift-Dir - straight line, f/p - Edmund
Aim: Edmund, wielding a +2 heavy flail and wearing a +3 scale mail of fire resistance (moderately wounded, 72% to hit)
You miscast Stone Arrow.
Nothing appears to happen.
You hit Edmund.
Edmund is moderately wounded.
Edmund hits you with a +2 heavy flail!
You are too injured to fight recklessly!
You are too injured to fight recklessly!
Edmund attacks as he pursues you! Edmund misses you.
Casting: Stone Arrow (quite dangerous; 14% risk of failure)
Confirm with . or Enter, or press ? or * to list all spells.
Aiming: Stone Arrow (quite dangerous; 14% risk of failure)
Press: ? - help, Shift-Dir - straight line, f/p - Edmund
Aim: Edmund, wielding a +2 heavy flail and wearing a +3 scale mail of fire resistance (moderately wounded, 72% to hit)
The stone arrow hits Edmund!
Edmund is heavily wounded.
Casting: Stone Arrow (quite dangerous; 14% risk of failure)
Confirm with . or Enter, or press ? or * to list all spells.
Aiming: Stone Arrow (quite dangerous; 14% risk of failure)
Press: ? - help, Shift-Dir - straight line, f/p - Edmund
Aim: Edmund, wielding a +2 heavy flail and wearing a +3 scale mail of fire resistance (heavily wounded, 72% to hit)
The stone arrow hits Edmund!
Edmund is almost dead.
Edmund hits you with a +2 heavy flail!
Ouch! That really hurt!
You die...
Edmund whines, "They better pay attention to me now!"

#.# #.##.# #.# #.#
#.##.# #.# #### #)#
#.##.# #.# ...# #)#
#.##.# #)#
##.####(###.##.# #.#
...............# #.#
##.###############.##
#.# ########...# #.#
#...$.@@.#...# #.#
#.######...#.# #.#
##.##.# #.# #... .
#.# ....... ####.#.#
.#.# .


You could see Edmund.

Vanquished Creatures
  Sigmund (D:2)
  An orc wizard (D:3)
  3 gnolls (D:4)
  4 adders
  2 ribbon worms (D:2)
  4 dart slugs
  4 orcs
  5 bats (D:2)
  3 endoplasms
  5 giant cockroaches
  4 goblins
  2 hobgoblins
  8 jackals
  7 quokkas
  5 ball pythons
  2 frilled lizards
  8 kobolds
  3 rats
71 creatures vanquished.

Notes
Turn   | Place    | Note
-------+----------+-------------------------------------------
     0 | D:1      | PriceMaster the Spriggan Earth Elementalist began the quest
                  | for the Orb.
     0 | D:1      | Reached XP level 1. HP: 9/9 MP: 5/5
   130 | D:1      | Reached skill level 1 in Conjurations
   180 | D:1      | Reached XP level 2. HP: 13/13 MP: 4/6
   523 | D:1      | Reached skill level 3 in Spellcasting
  1214 | D:2      | Reached XP level 3. HP: 16/16 MP: 5/8
  1606 | D:2      | Learned a level 3 spell: Stone Arrow
  1793 | D:2      | Reached skill level 4 in Spellcasting
  1799 | D:2      | Identified the +1 spear of the Land of Plenty {flame, rPois
                  | rC+ Will+}
  1956 | D:2      | Identified the +1 robe of the Mauling Gods {Will+}
  1991 | D:2      | Reached XP level 4. HP: 12/21 MP: 7/11
  2055 | D:2      | Noticed Sigmund
  2094 | D:2      | Killed Sigmund
  2095 | D:2      | Reached skill level 5 in Spellcasting
  2095 | D:2      | Reached XP level 5. HP: 11/25 MP: 7/13
  2251 | D:2      | Reached skill level 1 in Fighting
  2328 | D:3      | Reached XP level 6. HP: 8/30 MP: 8/14
  2329 | D:3      | Reached skill level 1 in Polearms
  2896 | D:3      | Found a basalt altar of Yredelemnul.
  2920 | D:3      | Gained mutation: You have hidden genetic defects. [potion
                  | of mutation]
  2920 | D:3      | Gained mutation: You are partially covered in iridescent
                  | scales. (AC +2) [potion of mutation]
  2920 | D:3      | Gained mutation: You are clumsy. (Dex -2) [potion of
                  | mutation]
  2920 | D:3      | Gained mutation: You have an increased reservoir of magic.
                  | (+10% MP) [potion of mutation]
  3302 | D:4      | Noticed Edmund
  3318 | D:4      | Slain by Edmund

Illustrated notes

Levels and vault maps discovered:
D:1:      dpeg_arrival_connections, layout_loops_corners,
          minmay_gold_behind_fungi, minmay_hexomino_f4
D:2:      layout_loops_cross, serial_forest, infiniplex_forest_clump_small,
          infiniplex_forest_split, infiniplex_forest_pool,
          infiniplex_forest_clump_small, infiniplex_forest_lined_2,
          infiniplex_forest_clump_small, infiniplex_forest_clump_large,
          minmay_fractal_squares_5, uniq_sigmund
D:3:      layout_rooms, mainiacjoe_overflow_tiny_flanked
D:4:      layout_loops_ring, minmay_mini_jars, uniq_edmund, uniq_duvessa

Skill      XL: |  1  2  3  4  5  6 |
---------------+-------------------+-----
Conjurations   | 1 |  1.0
Earth Magic    | 3 |  3.9
Spellcasting   | 3 4 5 |  5.5
Dodging        | 3 |  3.7
Fighting       | 1 |  1.1
Polearms       | 1 |  1.0
Stealth        | 4 |  4.1
Unarmed Combat | |  0.1

Action                     |  1- 3 |  4- 6 || total
---------------------------+-------+-------++-------
  Melee: Unarmed           |     8 |       ||     8
         Spear             |     7 |    48 ||    55
   Cast: Sandblast         |    64 |    50 ||   114
         Stone Arrow       |       |     4 ||     4
  Evoke: Wand              |       |     2 ||     2
    Use: Scroll            |     3 |     5 ||     8
         Potion            |       |     7 ||     7
   Stab: Sleeping          |     2 |       ||     2
 Armour: Robe              |    10 |    58 ||    68
         Skin              |     4 |       ||     4
  Dodge: Dodged            |    32 |    94 ||   126

Table legend: (Time is in decaauts)
 A = Elapsed time spent in this place.
 B = Non-inter-level travel time spent in this place.
 C = Inter-level travel time spent in this place.
 D = Time resting spent in this place.
 E = Time spent auto-exploring this place.
 F = Levels seen in this place.
 G = Mean time per level.
                   A        B        C        D        E       F      G
               +--------+--------+--------+--------+--------+-----+--------+
         Total |   2613 |   2594 |     19 |    323 |   1806 |   4 |  653.2 |
       Dungeon |   2613 |   2594 |     19 |    323 |   1806 |   4 |  653.2 |
               +--------+--------+--------+--------+--------+-----+--------+

Top non-repeatable levels by time:
     D:2: 903 daAuts
     D:1: 886 daAuts
     D:3: 695 daAuts
     D:4: 128 daAuts
